Cogmind - Beta 12 @@@ ROGUE MODE // 2023.03.12 @ 06:37:50 Player: Peregrine Result: Destroyed by Y-45 Defender with Beam Rifle Performance ------------- Evolutions (1) 500 Regions Visited (4) 800 Robots Destroyed (10) 50 Value Destroyed (210) 210 Prototype IDs (0) 0 Alien Tech Used (0) 0 Bonus (0) 0 TOTAL SCORE: 1560 Bonus ------- None Cogmind --------- Core Integrity 0/400 Matter 166/300 Energy 265/265 System Corruption 0% Temperature Cool (9) Movement Rolling (100) Location -9/Storage Parts ------- > --- POWER (1) -------- Improved Ion Engine > --- PROPULSION (3) --- Compact Wheel > --- UTILITY (2) ------ Heat Sink Terrain Scanner > --- WEAPON (3) ------- Heavy Assault Rifle Autogun > --- INVENTORY (5) ---- Improved Ion Engine Small Storage Unit Small Battery (100) Peak State ------------ > --- POWER ------------ Improved Ion Engine > --- PROPULSION ------- Compact Wheel > --- UTILITY ---------- Small Storage Unit Terrain Scanner > --- WEAPON ----------- Heavy Assault Rifle Autogun > --- INVENTORY -------- Improved Ion Engine Small Battery [Rating: 9] Favorites ----------- Power Light Ion Engine Engine Light Ion Engine Propulsion Compact Wheel Wheel Compact Wheel Utility Small Storage Unit Device Seismic Detector Storage Small Storage Unit Weapon Light Assault Rifle Energy Gun EM Pulse Gun Ballistic Gun Light Assault Rifle Launcher Rocket Launcher Special Weapon Mining Laser Build | -11 -10 -10 -9 -9 ------- Run | Jun Mat Min Mat Sto Slots Evolved 2 | . . . 2 . Power . | . . . . . Propulsion 1 | . . . 1 . Utility . | . . . . . Weapon 1 | . . . 1 . Parts Attached 24 | 7 4 . 7 6 Power 3 | 1 . . 1 1 Engine 3 | 1 . . 1 1 Core . | . . . . . Reactor . | . . . . . Propulsion 5 | 2 1 . 2 . Treads . | . . . . . Leg . | . . . . . Wheel 5 | 2 1 . 2 . Hover . | . . . . . Flight . | . . . . . Utility 6 | 1 1 . 1 3 Device 3 | . 1 . . 2 Storage 3 | 1 . . 1 1 Processor . | . . . . . Hackware . | . . . . . Protection . | . . . . . Artifact . | . . . . . Weapon 10 | 3 2 . 3 2 Energy Gun 2 | 1 . . 1 . Energy Cannon . | . . . . . Ballistic Gun 5 | 2 . . 1 2 Ballistic Cannon . | . . . . . Launcher 1 | . . . 1 . Special Weapon 2 | . 2 . . . Impact Weapon . | . . . . . Slashing Weapon . | . . . . . Piercing Weapon . | . . . . . Special Melee Weapon . | . . . . . Unidentified Prototypes . | . . . . . Parts Lost 11 | . 1 . 7 3 Power 2 | . . . 1 1 Propulsion 3 | . 1 . 1 1 Utility 2 | . . . 1 1 Weapon 4 | . . . 4 . Highest Loss Streak 7 | . 1 . 7 3 To Critical Strikes . | . . . . . Average Slot Usage (%) 80 | . 93 85 57 53 Engine 12 | . 14 14 9 9 Wheel 19 | . 24 14 9 15 Device 10 | . 11 14 8 6 Storage 13 | . 14 14 12 13 Ballistic Gun 15 | . 28 . . 10 Special Weapon 7 | . . 28 13 . Naked Turns . | . . . . . Heaviest Build 19 | 11 11 11 13 19 Greatest Support 32 | 26 32 16 32 32 Greatest Overweight (x) 1 | . . . . 1 Average Overweight (x) . | . . . . . Largest Inventory Capacity 8 | 8 8 8 8 8 Average Capacity 7 | 7 8 8 8 7 Most Carried 8 | 3 8 8 8 3 Average Carried 4 | 1 5 7 6 1 Final Capacity 8 | 8 8 8 8 5 Final Carried 8 | 2 8 8 1 3 Class Distribution -------------------- 95% | Mutant 4% | Gunner Dominant Class ---------------- Mutant | -10/Materials Mutant | -10/Mines Gunner | -9/Materials Mutant | -9/Storage Resources | -11 -10 -10 -9 -9 ----------- Run | Jun Mat Min Mat Sto Matter Collected 437 | 167 93 . . 177 Remotely . | . . . . . Salvage Created 303 | . 93 . 33 177 Parts 14 | . 5 . 2 7 Haulers Intercepted . | . . . . . Recyclers Shooed . | . . . . . Parts Field Recycled . | . . . . . Retrieved Matter . | . . . . . Parts Self-Destructed . | . . . . . Prevented . | . . . . . Kills | -11 -10 -10 -9 -9 ------- Run | Jun Mat Min Mat Sto Combat Hostiles Destroyed 9 | . 6 . 1 2 Guns 8 | . 6 . . 2 AOE 1 | . . . 1 . Classes Destroyed 4 | . 1 . 1 2 Recycler 1 | . . . . 1 Swarmer 6 | . 6 . . . Grunt 1 | . . . 1 . Sentry 2 | . . . . 2 Best Kill Streak 4 | . 4 . 1 2 Combat Bots Only 4 | . 4 . 1 2 Max Kills in Single Turn 1 | . 1 . 1 1 Gunslinging . | . . . . . Exploded 1 | . . . 1 . Melee . | . . . . . Uniques/NPCs Destroyed . | . . . . . Combat | -11 -10 -10 -9 -9 -------- Run | Jun Mat Min Mat Sto Damage Taken 1179 | . 248 . 664 267 Core 456 | . 49 . 300 107 Absorbed by Shields . | . . . . . Core Remaining (%) 90 | 100 . 80 . . Volleys Fired 55 | 7 25 2 5 16 Largest 3 | 2 2 2 3 2 Hottest 240 | 40 40 200 240 46 Shots Fired 99 | 14 50 4 11 20 Gun 89 | 14 50 . 5 20 Cannon . | . . . . . Launcher 3 | . . . 3 . Special 7 | . . 4 3 . Kinetic 87 | 14 50 . 3 20 Thermal 7 | . . 4 3 . Explosive 3 | . . . 3 . Electromagnetic 2 | . . . 2 . Robot Hit Streak 8 | 4 6 . 3 8 Robot Miss Streak 6 | 4 6 . 1 2 Penetration Max . | . . . . . Secondary Targets 1 | . 1 . . . Max Gunslinging Chain 1 | . 1 . . . Shots Hit Robots 57 | 9 27 . 5 16 Core Hits 20 | 3 10 . 2 5 Critical Kills . | . . . . . Critical Parts Destroyed . | . . . . . Critical Strikes . | . . . . . Melee Attacks . | . . . . . Impact . | . . . . . Slashing . | . . . . . Piercing . | . . . . . Sneak Attacks . | . . . . . Combat Hostiles . | . . . . . Follow-up Attacks . | . . . . . Damage Inflicted 806 | 66 235 . 267 238 Guns 550 | 66 217 . 29 238 Cannons . | . . . . . Explosions 214 | . . . 214 . Melee . | . . . . . Ramming 18 | . 18 . . . Kinetic 528 | 66 217 . 7 238 Thermal 24 | . . . 24 . Explosive 214 | . . . 214 . Electromagnetic 22 | . . . 22 . Impact . | . . . . . Slashing . | . . . . . Piercing . | . . . . . Highest Corruption 2 | . 2 2 . . Average Corruption 2 | . 2 2 . . Corruption Purged . | . . . . . Corruption Blocked . | . . . . . Effects 3 | . 3 . . . Message Errors 1 | . 1 . . . Matter Fused 2 | . 2 . . . Overload Shots . | . . . . . Overflow Damage 20 | . . . 20 . Projectiles . | . . . . . Explosions 20 | . . . 20 . Melee . | . . . . . Knockbacks . | . . . . . Impact . | . . . . . Kinetic . | . . . . . Secondary . | . . . . . Self-Inflicted Damage 193 | . 8 . 185 . Shots 4 | . . . 4 . Rammed 3 | . 3 . . . Targets Rammed 3 | . 3 . . . Kicked . | . . . . . Crushed . | . . . . . Highest Temperature 103 | . . 56 103 22 Average Temperature 39 | . . 30 53 8 Received Heat Transfer 165 | . . . 48 117 Siege Activations . | . . . . . Robots Corrupted . | . . . . . Combat Hostiles . | . . . . . Parts Fried . | . . . . . Impact Corruptions . | . . . . . Robots Melted . | . . . . . Combat Hostiles . | . . . . . Parts Melted . | . . . . . Heat Transferred 50 | . . . 50 . Parts Sabotaged . | . . . . . Parts Stolen . | . . . . . Parts Stripped . | . . . . . Power Chain Reactions . | . . . . . Missiles Intercepted . | . . . . . Alert | -11 -10 -10 -9 -9 ------- Run | Jun Mat Min Mat Sto Peak Influence 154 | . 154 64 48 85 Initial 60 | . . 60 24 20 Average 44 | . 55 62 24 46 Maximum Alert Level . | . . . . . Low Security (%) 100 | 100 100 100 100 100 Level 1 . | . . . . . Level 2 . | . . . . . Level 3 . | . . . . . Level 4 . | . . . . . Level 5 . | . . . . . High Security . | . . . . . Max Security . | . . . . . Squads Dispatched 1 | . 1 . . . Investigation . | . . . . . Extermination . | . . . . . Reinforcement 1 | . 1 . . . Assault . | . . . . . Garrison . | . . . . . Intercept . | . . . . . Searches Triggered . | . . . . . Construction Impeded . | . . . . . Haulers Reinforced . | . . . . . Active Scanning Responses . | . . . . . Cargo Convoy Interrupts . | . . . . . Stealth | -11 -10 -10 -9 -9 --------- Run | Jun Mat Min Mat Sto Distress Signals 1 | . 1 . . . Communications Jammed . | . . . . . Distress Signals . | . . . . . Times Spotted 16 | . 9 . 4 3 Peak Tracking Total 6 | . 6 . 3 3 Tactical Retreats 1 | . 1 . . . Traps | -11 -10 -10 -9 -9 ------- Run | Jun Mat Min Mat Sto Traps Triggered 1 | . 1 . . . Indirectly . | . . . . . Trap Hack Attempts . | . . . . . Triggered . | . . . . . Disarmed . | . . . . . Reprogrammed . | . . . . . Reused . | . . . . . Traps Extracted . | . . . . . Installed . | . . . . . Triggered . | . . . . . Machines | -11 -10 -10 -9 -9 ---------- Run | Jun Mat Min Mat Sto Machines Disabled 2 | . . . 2 . Max in Single Turn 2 | . . . 2 . Machines Repaired . | . . . . . Machines Sabotaged . | . . . . . Overloaded Fab Kills . | . . . . . Hacking | -11 -10 -10 -9 -9 --------- Run | Jun Mat Min Mat Sto Machines Accessed 7 | . 6 . 1 . Terminals 4 | . 4 . . . Fabricators . | . . . . . Repair Stations 2 | . 1 . 1 . Recycling Units 1 | . 1 . . . Scanalyzers . | . . . . . Garrison Access . | . . . . . Total Hacks 17 | . 15 . 2 . Successful 6 | . 6 . . . Failed 11 | . 9 . 2 . Catastrophic 2 | . 1 . 1 . Database Lockouts . | . . . . . Manual 10 | . 10 . . . Terminals 11 | . 11 . . . Fabricators . | . . . . . Repair Stations 3 | . 1 . 2 . Recycling Units 3 | . 3 . . . Scanalyzers . | . . . . . Garrison Access . | . . . . . Terminal Hacks 2 | . 2 . . . Locate Traps 1 | . 1 . . . Zone Layout 1 | . 1 . . . Fabricator Hacks . | . . . . . Repair Station Hacks 1 | . 1 . . . Scan Component 1 | . 1 . . . Recycling Unit Hacks 1 | . 1 . . . Report Inventory 1 | . 1 . . . Scanalyzer . | . . . . . Garrison Access Hacks . | . . . . . Unauthorized Hacks 2 | . 2 . . . Terminals 2 | . 2 . . . Botnet 2 | . 2 . . . Fabricators . | . . . . . Repair Stations . | . . . . . Recycling Units . | . . . . . Scanalyzers . | . . . . . Garrison Access . | . . . . . Data Cores Recovered . | . . . . . Used . | . . . . . Hacking Detections 7 | . 6 . 1 . Full Trace Events . | . . . . . Feedback Events . | . . . . . Feedback Blocked . | . . . . . Robot Schematics Acquired . | . . . . . Robots Built . | . . . . . Authchips . | . . . . . Time . | . . . . . Total Robot Build Rating . | . . . . . Part Schematics Acquired . | . . . . . Parts Built . | . . . . . Authchips . | . . . . . Time . | . . . . . Total Part Build Rating . | . . . . . Parts Repaired . | . . . . . Time . | . . . . . Parts Recycled . | . . . . . Recycled Matter . | . . . . . Retrieved Matter . | . . . . . Retrieved Components . | . . . . . Parts Scanalyzed . | . . . . . Part Schematics Acquired . | . . . . . Parts Damaged . | . . . . . Bothacking | -11 -10 -10 -9 -9 ------------ Run | Jun Mat Min Mat Sto Used RIF Installer . | . . . . . Robots Hacked . | . . . . . Non-combat . | . . . . . Combat . | . . . . . Robot Hacks Applied . | . . . . . Relay Couplers Released . | . . . . . Fabnet Peak Effective % . | . . . . . Robots Rewired . | . . . . . Allies Hacked . | . . . . . Hacks Repelled . | . . . . . Allies | -11 -10 -10 -9 -9 -------- Run | Jun Mat Min Mat Sto Total Allies . | . . . . . Largest Group . | . . . . . Highest-Rated Group . | . . . . . Highest-Rated Ally . | . . . . . Total Orders . | . . . . . Ally Attacks . | . . . . . Total Damage . | . . . . . Kills . | . . . . . Allies Corrupted . | . . . . . Allies Melted . | . . . . . Intel | -11 -10 -10 -9 -9 ------- Run | Jun Mat Min Mat Sto Robot Analysis Total . | . . . . . Derelict Logs Recovered 1 | . . 1 . . Drone Launches . | . . . . . Drone Recoveries . | . . . . . Exploration | -11 -10 -10 -9 -9 ------------- Run | Jun Mat Min Mat Sto Turns Passed 769 | 105 343 133 79 109 Spaces Moved 481 | 78 235 87 36 45 Core 5 | 5 . . . . Treads . | . . . . . Legs . | . . . . . Wheels 476 | 73 235 87 36 45 Hover . | . . . . . Flight . | . . . . . Fastest Speed 50 | 50 90 100 100 100 Average Speed 97 | 87 99 100 100 100 Slowest Speed 115 | 100 100 100 100 115 Overloaded Moves . | . . . . . Propulsion Burnouts . | . . . . . Robots Hopped . | . . . . . Cave-ins Triggered . | . . . . . Exploration Rate (%) 18 | 4 44 25 6 12 Regions Visited 4 Branch Regions 2 Pre-discovered Areas . | . . . . . Known Exits Taken . | . . . . . Unknown Exits Taken 4 | 1 1 1 1 . Scrap Searched . | . . . . . Spaces Dug 4 | . . 4 . . Terrain Destroyed 38 | . . 4 34 . Melee . | . . . . . Projectile 6 | . . 4 2 . AOE 32 | . . . 32 . Terrain Rammed . | . . . . . Walls Destroyed . | . . . . . Machines Disabled . | . . . . . Actions | -11 -10 -10 -9 -9 --------- Run | Jun Mat Min Mat Sto Total 682 | 102 304 121 63 92 Wait 96 | 3 27 31 16 19 Move 477 | 77 234 86 35 45 Hop . | . . . . . Pick Up 24 | 8 9 1 . 6 Fast Attach . | . . . . . Attach 18 | 6 1 . 7 4 Detach . | . . . . . Swap 6 | 1 3 . . 2 Drop 3 | . 2 1 . . Fire 55 | 7 25 2 5 16 Melee . | . . . . . Ram 3 | . 3 . . . Kick . | . . . . . Crush . | . . . . . Escape Stasis . | . . . . . Rewire . | . . . . . Trap . | . . . . . Miscellaneous . | . . . . . Route ------- -11/Junkyard -10/Materials -10/Mines -9/Materials (discovered 2 exits: Mat / [*Sto]) -9/Storage History --------- Turn | Location | Event 8 | -11/Junkyard | Discovered new exit (range 16) 106 | -11/Junkyard | Entered Materials 313 | -10/Materials | Build established: Mutant 414 | -10/Materials | Discovered new exit (range 15) 449 | -10/Materials | Entered Mines 461 | -10/Mines | Learned location of 1 exit from Materials 515 | -10/Mines | Received a Rocket Launcher from a helpful Derelict 543 | -10/Mines | Discovered new exit (range 6) 582 | -10/Mines | Entered Materials 582 | -9/Materials | Evolved 2 slots: Propulsion x1, Weapon x1 582 | -9/Materials | Discovered new exit (range 16) 583 | -9/Materials | Identified exit to Materials 654 | -9/Materials | Core integrity fell below 50% 661 | -9/Materials | Entered Storage 679 | -9/Storage | Lost 7 parts (1p1n1u4w) 721 | -9/Storage | Core integrity fell below 20% 744 | -9/Storage | Lost 3 parts (1p1n1u) 770 | -9/Storage | Destroyed by Y-45 Defender with Beam Rifle Last Messages --------------- 00654_ Repair Station disabled. 00654_ Destroyed Imp. Aluminum Leg. LOCATION=UNKNOWN GOAL=ESCAPE 00704_ Com. Wheel destroyed. 00705_ Acquired Autogun. 00707_ Sml. Storage Unit destroyed. 00713_ Lgt. Ion Engine destroyed. 00713_ Critical hit (Burn: +37). 00726_ Y-45 Defender destroyed. 00730_ Acquired 54 matter. 00734_ Acquired Imp. Ion Engine. 00740_ Acquired Terrain Scanner. 00745_ Acquired Hvy. Assault Rifle. 00747_ R-06 Scavenger collects Heat Sink. 00748_ Acquired Heat Sink. 00753_ Acquired 57 matter. 00753_ R-06 Scavenger collects Imp. Ion Engine. 00757_ R-06 Scavenger destroyed. 00761_ Acquired 66 matter. Map ----- +----------------------------------------------------+ | | | | | ?????????????????????????????????????????? | | ?????????????????????????????????????????? | | ?????????????????????????????????????????? | | ?????????????????????????????????????????? | | ?????????????????????????????????????????? | | ?????????????????????????????????????????? | | ?????????????????????????????????????????? | | ?????????????????????????????????????????? | | ?????????????????????????????????????????? | | ??????????????????####????????????#####??? | | ??????????????????#"""#???????????# #??? | | ????????????##+####"T"####????????# #??? | | ????????????# +????????# #??? | | ????????##### #????????# #??? | | ????????? == #????????# #??? | | ???????????## == #????????# #??? | | ???????????#" == ########## #??? | | ???????????#T #??? | | ???????????#" " " ########## #??? | | ???????????## "R" #?????# #??? | | ????????????# """ #???#?# #??? | | ????????????# ###### ##????# #??? | | ???????????# # ??#####Y#####??# #??? | | ??????????? ?#???# =@ ! #??# #??# | | ???????????? ??????# ! * #??# #??? | | ???????????? ???????# * ##?? #??? | | ?????????????????????#*! #?? #??? | | ?????????????????????############?? #??? | | ??????????????????????????????????? #??? | | ??????????????????????????? ??????? #??# | | ??????????????????????????????????? #??? | | ??????????????????????????????????? ???? | | ??????????????????? ??????????????????#?? | | ?????????????????????????????????????????? | | ????????????????????????????"????????????? | | ?????????????????????????????????????????? | | ?????????????????????????????????????????? | | ?????????????????????????????????????????? | | ?????????????????????????????????????????? | | ?????????????????????????????????????????? | | ?????????????????????????????????????????? | | ?????????????????????????????????????????? | | ?????????????????????????????????????????? | | ?????????????????????????????????????????? | | ?????????????????????????????????????????? | | ?????????????????????????????????????????? | | ?????????????????????????????????????????? | | ?????????????????????????????????????????? | +----------------------------------------------------+ Best States ------------- Heat Dissipation 38 Energy Generation 12 Energy Capacity 365 Matter Stores 201 Matter Capacity 300 Sight Range 16 Terrain Scan Range 14 Terrain Scan Density 10 Evasion (%) 42 Item Schematics ----------------- None Robot Schematics ------------------ None Fabricated ------------ Nothing Alien Tech Used ----------------- None Achievements -------------- None Challenges ------------ None Game ------ Seed BiometalInsulatedUnit Manual? 0 Play Time 00:18:36 Cumulative 21.9 hours Start 2023.03.11 @ 21:33:49 End 2023.03.12 @ 06:37:50 Sessions 1 Manual Loads 0 Difficulty Rogue Special Mode None Game No. 46 Rogue 45 Adventurer 1 Explorer 0 Win Type - Total 0 Types 0/0/0/0/0/0/0/0/0 Lore% 16 Gallery% 27 Achievement% 20 Wizard Run 0 Options --------- ASCII 0 Keyboard 0 Movement Mouse Keybinds 0 Fullscreen 1 Font 36/Smallcaps Map View 76x50 Tactical HUD 1 Map Filters NONE Filters NONE Steam 1 RUN: f486f606-4afe-4410-af94-4ba95c7813a7